 Dungeon Crawl Stone Soup version 0.31-a0-986-g5e6e4ef867 (webtiles) character file.

Game seed: 568039261054579797

109 croobank the Trooper (level 4, -1/37 HPs)
             Began as a Mummy Monk on Nov 6, 2023.
             Killed from afar by an orc wizard (18 damage)
             ... with a puff of flame
             ... on level 3 of the Dungeon.
             The game lasted 00:13:26 (1820 turns).

croobank the Trooper (Mummy Monk)                   Turns: 1820, Time: 00:13:27

Health: -1/37      AC:  5    Str: 17    XL:     4   Next: 59%
Magic:  4/4        EV: 13    Int: 11    God:
Gold:   140        SH:  0    Dex: 17    Spells: 2/3 levels left

rFire   x . .        f - +0 long sword
rCold   + . .        c - orb {light}
rNeg    + + +        b - +0 robe
rPois   ∞            g - +0 helmet of the Crypt {Rampage Str+3 Dex+3}
rElec   .            (no cloak)
rCorr   .            i - +1 pair of gloves
SInv    +            (no boots)
Will    .....        p - amulet of magic regeneration
Stlth   +            m - ring of see invisible
HPRegen 0.26/turn    (no ring)
MPRegen 0.49/turn

%: rampage, faith
@: glowing
A: cold resistance 1, negative energy resistance 3, torment resistance 2, heat
vulnerability 1, in touch with death 1, no potions, faith
a: no special abilities


You were on level 3 of the Dungeon.
You visited 1 branch of the dungeon, and saw 3 of its levels.

You collected 140 gold pieces.

Inventory:

Hand Weapons
 a - a +0 short sword
 f - a +0 long sword (weapon)
 k - a +0 trident
Armour
 b - a +0 robe (worn)
 c - an orb of light (worn)
 g - the +0 helmet of the Crypt (worn) {Rampage Str+3 Dex+3}
   (You acquired it on level 3 of the Dungeon)

   Str+3:     It affects your strength (+3).
   Dex+3:     It affects your dexterity (+3).
   Rampage:   It bestows one free step when moving towards enemies.
 i - a +1 pair of gloves (worn)
Jewellery
 j - a +6 ring of intelligence
 m - a ring of see invisible (left hand)
 p - an amulet of magic regeneration (around neck)
Scrolls
 d - a scroll of enchant armour
 e - a scroll of amnesia
 h - a scroll of teleportation
 q - a scroll of torment {unknown}


   Skills:
 + Level 4.0 Fighting
 + Level 3.2 Short Blades
 + Level 3.2 Dodging


You had 2 spell levels left.
You knew the following spells:

 Your Spells              Type           Power      Damage    Failure   Level
a - Apportation           Tloc           0%         N/A       34%         1

Your spell library contained the following spells:

 Spells                   Type           Power      Damage    Failure   Level
 Necrotise                Necr           0%         1d4       34%         1
 Summon Small Mammal      Summ           0%         N/A       34%         1


Dungeon Overview and Level Annotations

Branches:
Dungeon (3/15)

Altars:

Annotations:
D:1 1 runed translucent door
D:2 1 runed translucent door, Crazy Yiuf


Innate Abilities, Weirdness & Mutations

You are immune to poison.
Your flesh is cold resistant. (rC+)
You are immune to negative energy. (rN+++)
You are immune to unholy pain and torment.
You are vulnerable to heat. (rF-)
You are in touch with the powers of death.
You do not drink.
You have a special connection with the divine. (Faith)


Message History

HP restored.
You see here an adder corpse.
Found a yellow potion.
An orc priest comes into view. It is wielding a +0 club.
You rampage towards the orc priest!
An orc wizard comes into view. It is wielding a +0 dagger.
The orc wizard shouts!
You hear a shout! x2
You rampage towards the orc priest!
An orc comes into view. It is wielding a +0 club.
The orc shouts!
The orc priest closely misses you.
You hit the orc priest but do no damage.
An orc comes into view. It is wielding a +0 falchion.
The orc priest casts a cantrip, but nothing happens.
The orc priest barely misses you.
You hit the orc priest but do no damage.
The orc priest hits you with a +0 club.
The orc wizard gestures wildly while chanting.
The orc wizard flickers and vanishes for a moment.
You slash the orc priest!
The orc priest is heavily wounded.
The orc priest hits you but does no damage.
You slash the orc priest!
You kill the orc priest!
Your Fighting skill increases to level 4!
You hit the orc.
The orc is lightly wounded.
The orc misses you.
You slash the orc!
You kill the orc!
The orc wizard gestures at you while chanting.
The puff of flame hits you! The fire burns you terribly!
You rampage towards the orc wizard!
A hobgoblin comes into view.
You closely miss the orc wizard.
The hobgoblin shouts!
The orc wizard hits you with a +0 dagger.
The orc wizard points at you and mumbles some strange words.
The puff of flame hits you!! The fire burns you terribly!
You die...

###############*********
#......@oo...g.,,,,,,,,,
#.#############********, #.#
*,,,,,,,,,,,* *, #.#
*,*********,***, ###
#.######*,*,,,,,,,,,,,*,
##########......##,,,,,,,,,*,*,*,
..................,,,,>,,,,*,*,*,
################..,,,,,,,,,,,*,*,
...,,,,,,,,,,,,,,,,,,,,,,,,,**,*,


You could see an orc wizard (invisible), an orc and a hobgoblin.

Vanquished Creatures
  An orc priest (D:3)
  Terence (D:3)
  An adder (D:3)
  A worm (D:2)
  2 dart slugs
  2 orcs (D:3)
  4 ball pythons
  2 endoplasms (D:1)
  A giant cockroach (D:3)
  A goblin (D:2)
  3 hobgoblins
  4 jackals (D:1)
  3 quokkas
  3 bats
  2 frilled lizards
  3 kobolds (D:1)
  2 rats (D:1)
36 creatures vanquished.

Vanquished Creatures (others)
  A butterfly (D:3)
1 creature vanquished.

Grand Total: 37 creatures vanquished

Notes
Turn   | Place    | Note
-------+----------+-------------------------------------------
     0 | D:1      | croobank the Mummy Monk began the quest for the Orb.
     0 | D:1      | Reached XP level 1. HP: 18/18 MP: 1/1
     1 | D:1      | Found a runed translucent door.
   344 | D:1      | Reached XP level 2. HP: 24/24 MP: 2/2
   748 | D:1      | Learned a level 1 spell: Apportation
  1163 | D:2      | Reached XP level 3. HP: 25/29 MP: 3/3
  1201 | D:2      | Found a runed translucent door.
  1202 | D:2      | Noticed Crazy Yiuf
  1524 | D:3      | Identified a scroll of acquirement
  1525 | D:3      | Acquired the +0 helmet of the Crypt {Rampage Str+3 Dex+3}
  1526 | D:3      | Noticed Terence
  1655 | D:3      | Killed Terence
  1723 | D:3      | Reached XP level 4. HP: 29/37 MP: 4/4
  1818 | D:3      | Reached skill level 4 in Fighting
  1820 | D:3      | Killed from afar by an orc wizard

Illustrated notes

Levels and vault maps discovered:
D:1:      dpeg_arrival_caged_fury, layout_basic, serial_rivers,
          chequers_serial_rivers_micro_a, chequers_serial_rivers_large_b,
          chequers_serial_rivers_marsh, chequers_serial_rivers_small_3
D:2:      layout_rooms, uniq_crazy_yiuf_cottage
D:3:      layout_basic, nicolae_elyvilon_peaceful_grove,
          lemuel_coloured_pillars_altar, serial_co_window_serial,
          co_window_of_opportunity_a, co_window_corner_a, co_window_corner_a,
          co_window_corner_a, co_window_paths_b, co_window_unsneaky_path_e,
          co_window_broadway_c, co_window_corner_ca, co_window_of_opportunity_b,
          glass_columns_a, hellmonk_ecumenical_altar_heavens_door,
          minmay_pentomino_pile, uniq_terence

Skill      XL: |  1  2  3  4 |
---------------+-------------+-----
Short Blades   | 3 |  3.2
Dodging        | 3 |  3.2
Fighting       | 4 |  4.0

Action                     |  1- 3 |  4- 6 || total
---------------------------+-------+-------++-------
  Melee: Short sword       |    24 |       ||    24
         Long sword        |    84 |    14 ||    98
    Use: Scroll            |     9 |       ||     9
 Armour: Robe              |    52 |     7 ||    59
  Dodge: Dodged            |    71 |    12 ||    83

Table legend: (Time is in decaauts)
 A = Elapsed time spent in this place.
 B = Non-inter-level travel time spent in this place.
 C = Inter-level travel time spent in this place.
 D = Time resting spent in this place.
 E = Time spent auto-exploring this place.
 F = Levels seen in this place.
 G = Mean time per level.
                   A        B        C        D        E       F      G
               +--------+--------+--------+--------+--------+-----+--------+
         Total |   1883 |   1815 |     68 |    179 |   1160 |   3 |  627.7 |
       Dungeon |   1883 |   1815 |     68 |    179 |   1160 |   3 |  627.7 |
               +--------+--------+--------+--------+--------+-----+--------+

Top non-repeatable levels by time:
     D:1: 941 daAuts
     D:2: 637 daAuts
     D:3: 303 daAuts
